 Dungeon Crawl Stone Soup version 0.28-a0-683-ga8797d1ae1 (webtiles) character file.

Game seed: 4006923030193081206

46 jdsmith2816 the Shield-Bearer (level 3, -5/19 HPs)
             Began as a Vine Stalker Fighter on Oct 18, 2021.
             Slain by Sigmund (10 damage)
             ... on level 2 of the Dungeon.
             The game lasted 00:04:48 (1420 turns).

jdsmith2816 the Shield-Bearer (VSFi)                Turns: 1420, Time: 00:04:49

Health: -5/19      AC:  6    Str: 19    XL:     3   Next: 68%
Magic:  0/4        EV:  9    Int:  8    God:
Gold:   35         SH:  4    Dex: 13    Spells: 2/2 levels left

rFire   . . .      SeeInvis .     - Unarmed
rCold   . . .      Faith    .   b - +0 buckler
rNeg    . . .      Spirit   +   a - +0 scale mail
rPois   .          Reflect  .   (no helmet)
rElec   .          Harm     .   (no cloak)
rCorr   .          Rampage  .   (no gloves)
Will    .....                   (no boots)
Stlth   ..........              (no amulet)
HPRegen 0.06/turn               (no ring)
MPRegen 0.09/turn               (no ring)

@: no status effects
A: fangs 2, magic shield, antimagic bite, no potion heal 2
a: no special abilities


You were on level 2 of the Dungeon.
You visited 1 branch of the dungeon, and saw 2 of its levels.

You collected 35 gold pieces.


Innate Abilities, Weirdness & Mutations

You have extremely sharp teeth.
When hurt, damage is shared between your health and your magic reserves.
Your bite disrupts and absorbs the magic of your enemies.
Potions cannot restore your health.


   Skills:
 - Level 2.6 Fighting
 + Level 2.6 Armour
 + Level 1.6 Stealth
 * Level 3.1 Shields
 * Level 2.8 Unarmed Combat


You had 2 spell levels left.
You didn't know any spells.
Your spell library was empty.

Inventory:

Missiles
 c - 7 poisoned darts (quivered)
Armour
 a - a +0 scale mail (worn)
 b - a +0 buckler (worn)
Scrolls
 d - 5 scrolls of identify {unknown}
 g - a scroll of holy word {unknown}
Potions
 e - a potion of curing {unknown}
 f - a potion of brilliance {unknown}
 h - a potion of ambrosia {unknown}

Dungeon Overview and Level Annotations

Branches:
Dungeon (2/15)

Altars:

Annotations:
D:2 Sigmund

#..▒#...........
#............#▒.#
#.#.▒#.▒..▒...#.
#...#...........
##........#...#.
#..#...#.▒#.#▒.
#..▒#.#▒.......
#..............
#....###@......(
#.... #@.......
#....# #........
#... #(.......
#.. #........ #..
#.(......
#..###### #..#


You could see Sigmund (poisoned).


Message History

Sigmund is lightly wounded.
Sigmund hits you with a +4 scythe of protection.
You barely miss Sigmund. Your bite misses Sigmund.
Sigmund is moderately wounded.
You hit Sigmund but do no damage. You bite Sigmund.
Sigmund's magic leaks into the air.
You drain his magic.
Sigmund is moderately wounded.
Sigmund falters for a moment.
You closely miss Sigmund.
Sigmund is moderately wounded.
Sigmund hits you with a +4 scythe of protection.
You hit Sigmund. You bite Sigmund, but do no damage.
Sigmund is heavily wounded.
Sigmund hits you with a +4 scythe of protection!
* * * LOW HITPOINT WARNING * * *
Press: ? - help, v - describe, . - travel, g - get item
Here: Sigmund, wielding a +4 scythe of protection and wearing a +0 robe (heavily wounded, very poisoned) Item here: a poisoned dart.
The floor.
Okay, then.
You hit Sigmund but do no damage. Your bite misses Sigmund.
Sigmund is heavily wounded.
You hit Sigmund. Your bite misses Sigmund.
Sigmund is heavily wounded.
Sigmund hits you but does no damage.
You hit Sigmund but do no damage. Your bite misses Sigmund.
Sigmund is heavily wounded.
Sigmund hits you with a +4 scythe of protection!
Ouch! That really hurt!
You die...

Skill      XL: |  1  2 |
---------------+-------+-----
Stealth        | 1 |  1.6
Shields        | 3 |  3.1
Fighting       | |  2.6
Armour         | |  2.6
Unarmed Combat | |  2.8

Action                   || total
-------------------------++-------
Melee: Unarmed           ||    86
       Bite              ||    23
Throw: Dart              ||     7
  Use: Potion            ||     1
Armor: Scale mail        ||    26
Dodge: Dodged            ||    19
Block: Buckler           ||    14

Levels and vault maps discovered:
D:1:      heliophobic_arrival_dark_side_of_the_moon, layout_loops_ring
D:2:      layout_basic, hellmonk_ecumenical_altar_pennies_from_heaven,
          serial_aquarium, aquarium_bridge_square [aquarium_subvault_bridge,
          aquarium_subvault_bridge, aquarium_subvault_balcony,
          aquarium_subvault_wall], aquarium_bridge_square
          [aquarium_subvault_bridge, aquarium_subvault_wall,
          aquarium_subvault_wall, aquarium_subvault_bridge], aquarium_window_2,
          aquarium_window_1, aquarium_window_fake, aquarium_view_2f,
          aquarium_view_2a, hangedman_decor_clover_reticule, uniq_terence,
          uniq_robin, uniq_sigmund

Notes
Turn   | Place    | Note
-------+----------+-------------------------------------------
     0 | D:1      | jdsmith2816 the Vine Stalker Fighter began the quest for
                  | the Orb.
     0 | D:1      | Reached XP level 1. HP: 11/11 MP: 2/2
   219 | D:1      | Reached XP level 2. HP: 12/16 MP: 3/3
   326 | D:1      | Reached skill level 1 in Stealth
   666 | D:1      | Reached skill level 3 in Shields
   856 | D:1      | Reached XP level 3. HP: 12/19 MP: 2/4
  1406 | D:2      | Noticed Sigmund
  1420 | D:2      | Slain by Sigmund

Vanquished Creatures
  An adder (D:2)
  A dart slug (D:1)
  5 endoplasms
  2 giant cockroaches (D:1)
  3 goblins (D:1)
  3 hobgoblins
  6 kobolds
  3 ball pythons (D:1)
  5 bats
  3 frilled lizards
  2 rats
34 creatures vanquished.

Table legend: (Time is in decaauts)
 A = Elapsed time spent in this place.
 B = Non-inter-level travel time spent in this place.
 C = Inter-level travel time spent in this place.
 D = Time resting spent in this place.
 E = Time spent auto-exploring this place.
 F = Levels seen in this place.
 G = Mean time per level.
                   A        B        C        D        E       F      G
               +--------+--------+--------+--------+--------+-----+--------+
         Total |   1417 |   1393 |     24 |    120 |   1042 |   2 |  708.5 |
       Dungeon |   1417 |   1393 |     24 |    120 |   1042 |   2 |  708.5 |
               +--------+--------+--------+--------+--------+-----+--------+

Top non-repeatable levels by time:
     D:1: 1133 daAuts
     D:2: 284 daAuts

Table legend:
 A = Non-vault XP
 B = Vault XP
 C = Vault XP percentage of total XP
 D = Non-vault monster count
 E = Vault monster count
 F = Vault count percentage of total count
                 A         B        C        D         E       F
            +---------+---------+-------+---------+---------+-------
      Total |      67 |       0 |   0.0 |      34 |       0 |   0.0
            +---------+---------+-------+---------+---------+-------
        D:1 |      38 |       0 |   0.0 |      23 |       0 |   0.0
        D:2 |      29 |       0 |   0.0 |      11 |       0 |   0.0
            +---------+---------+-------+---------+---------+-------
